Map: Orbital Shipyard

Players

lIlIlIlIlI (Nina) - Winner!

  • Race: Protoss Protoss

JonSnow

  • Race: Zerg Zerg

Event: Team Gravity's Fight Night #13

VOD

https://www.youtube.com/watch?v=8zqqsS00DPA&list=PL_BOlLcv8KbhFbvTakl6AYJq-DW01oMw_

Description

Time

  • Played on: April 5, 2015, 5:41 p.m.
  • Length: 21:03

All games in this series

Show
View Real Time Build Order
Export as new Build Order

lIlIlIlIlI Protoss - Winner!

Build Orders: Nexus First 

Get SALT Encoding   

  12  0:01  Probe  
  13  0:14  Pylon  
  13  0:18  Probe  
  14  0:32  Probe (Chrono Boost)  
  15  0:41  Probe (Chrono Boost)  
  16  0:55  Nexus  
  16  1:05  Gateway  
  16  1:07  Probe (Chrono Boost)  
  17  1:12  Assimilator  
  17  1:18  Probe (Chrono Boost)  
  18  1:23  Pylon  
  18  1:25  Probe  
  19  1:37  Assimilator  
  19  1:38  Probe (Chrono Boost)  
  21  1:48  Probe (Chrono Boost)  
  21  1:52  Cybernetics Core  
  21  1:55  Probe  
  23  2:08  Probe (Chrono Boost)  
  23  2:11  Probe (Chrono Boost)  
  24  2:19  Probe (Chrono Boost)  
  24  2:22  Probe (Chrono Boost)  
  26  2:25  Probe  
  26  2:28  Warp Gate  
  27  2:30  Stalker  
  27  2:32  Mothership Core (Chrono Boost)  
  31  2:38  Probe (Chrono Boost)  
  32  2:48  Probe (Chrono Boost)  
  32  2:49  Probe (Chrono Boost)  
  34  2:55  Probe  
  34  2:57  Probe  
  36  3:03  Sentry  
  38  3:06  Pylon  
  38  3:07  Probe (Chrono Boost)  
  38  3:09  Assimilator  
  38  3:10  Probe (Chrono Boost), Assimilator  
  40  3:19  Probe (Chrono Boost)  
  42  3:21  Probe (Chrono Boost)  
  42  3:24  Robotics Facility  
  42  3:26  Probe (Chrono Boost)  
  43  3:28  Probe (Chrono Boost)  
  44  3:36  Probe  
  44  3:37  Sentry  
  44  3:39  Probe (Chrono Boost)  
  48  3:42  Gateway  
  48  3:43  Gateway  
  48  3:46  Gateway  
  48  3:48  Probe (Chrono Boost)  
  49  3:51  Probe (Chrono Boost)  
  50  3:58  Probe (Chrono Boost)  
  50  3:59  Probe (Chrono Boost)  
  50  4:00  Pylon  
  50  4:02  Pylon  
  52  4:11  Forge  
  52  4:18  Probe x2, Immortal (Chrono Boost)  
  58  4:30  Probe x2  
  60  4:35  Nexus  
  60  4:42  Probe x2, Robotics Bay  
  60  4:44  Pylon  
  61  4:46  Stalker  
  63  4:54  Probe  
  63  4:55  Pylon  
  64  5:04  Protoss Ground Weapons Level 1  
  64  5:06  Pylon x2, Warp Prism (Chrono Boost)  
  66  5:11  Stalker  
  68  5:14  Stalker x3  
  72  5:34  Probe  
  71  5:38  Probe  
  71  5:41  Disruptor (Chrono Boost)  
  72  5:44  Sentry  
  72  5:45  Sentry  
  72  5:46  Gravitic Drive  
  72  5:47  Probe  
  72  5:48  Stalker x2  
  81  5:50  Nexus  
  81  5:52  Probe  
  82  5:57  Pylon  
  82  6:00  Gateway  
  81  6:07  Probe  
  81  6:08  Twilight Council  
  81  6:09  Pylon  
  81  6:10  Pylon  
  82  6:15  Disruptor  
  82  6:22  Probe  
  82  6:23  Gateway  
  82  6:25  Gateway  
  87  6:26  Assimilator  
  87  6:28  Disruptor (Chrono Boost)  
  87  6:31  Assimilator  
  87  6:33  Probe  
  87  6:36  Gateway  
  87  6:37  Disruptor  
  87  6:39  Gateway  
  88  6:42  Sentry  
  88  6:44  Probe  
  91  6:53  Probe  
  92  6:56  Probe  
  97  7:01  Probe  
  97  7:03  Disruptor (Chrono Boost)  
  97  7:05  Probe  
  99  7:08  Probe  
  100  7:17  Probe  
  100  7:21  Disruptor  
  101  7:26  Pylon  
  101  7:27  Blink  
  101  7:28  Probe  
  101  7:29  Protoss Ground Weapons Level 2 (Chrono Boost)  
  102  7:33  Disruptor  
  102  7:34  Probe  
  102  7:35  Probe, Nexus  
  102  7:36  Photon Cannon  
  104  7:38  Pylon  
  104  7:40  Probe  
  105  7:47  Stalker x3  
  111  7:52  Pylon  
  111  7:53  Observer  
  110  7:59  Stalker x3  
  110  8:04  Disruptor  
  110  8:11  Stalker x4  
  118  8:13  Probe  
  118  8:16  Photon Cannon  
  119  8:22  Assimilator  
  119  8:27  Disruptor, Assimilator  
  123  8:31  Pylon  
  123  8:32  Disruptor (Chrono Boost)  
  123  8:36  Disruptor  
  122  8:42  Stalker x3  
  128  8:52  Photon Cannon  
  128  8:54  Photon Cannon  
  128  8:56  Pylon  
  121  9:05  Stalker x3  
  115  9:14  Stalker x4  
  123  9:22  Disruptor (Chrono Boost)  
  123  9:23  Probe  
  123  9:24  Probe x2  
  126  9:30  Stalker x2  
  130  9:34  Assimilator  
  130  9:35  Stalker x3  
  130  9:38  Disruptor  
  136  9:43  Stalker x2  
  140  9:52  Stalker x2, Observer  
  145  10:07  Stalker x4  
  147  10:26  Stalker x3  
  147  10:27  Stalker x2  
  158  10:37  Stalker x3  
  167  10:44  Nexus  
  167  10:47  Disruptor (Chrono Boost)  
  167  10:56  Robotics Facility  
  167  11:00  Protoss Ground Weapons Level 3 (Chrono Boost)  
  167  11:02  Stalker  
  167  11:03  Stalker x2  
  173  11:13  Pylon  
  173  11:15  Pylon  
  176  11:26  Disruptor (Chrono Boost)  
  176  11:34  Photon Cannon  
  176  11:37  Assimilator  
  176  11:40  Photon Cannon  
  176  11:44  Stargate, Assimilator  
  180  11:51  Probe x2  
  182  11:57  Disruptor (Chrono Boost)  
  173  12:04  Stalker x2  
  173  12:05  Stalker x3  
  173  12:07  Stalker  
  173  12:08  Stalker x2  
  183  12:17  Disruptor, Pylon  
  183  12:20  Charge  
  183  12:22  Dark Shrine  
  183  12:27  Pylon  
  183  12:28  Oracle (Chrono Boost)  
  186  12:31  Observer  
  187  12:37  Pylon  
  195  12:58  Disruptor  
  195  13:04  Disruptor  
  195  13:13  Nexus  
  195  13:15  Pylon  
  195  13:16  Pylon  
  195  13:18  Disruptor  
  163  13:35  Stalker x4  
  163  13:37  Photon Cannon  
  163  13:38  Oracle  
  163  13:39  Photon Cannon  
  163  13:40  Observer  
  175  13:41  Disruptor  
  175  13:42  Photon Cannon  
  175  13:44  Disruptor (Chrono Boost)  
  175  14:02  Photon Cannon x2  
  179  14:05  Assimilator  
  179  14:07  Disruptor  
  179  14:08  Disruptor (Chrono Boost)  
  178  14:10  Assimilator  
  178  14:12  Stalker x4  
  178  14:14  Oracle  
  189  14:19  Disruptor x2  
  189  14:22  Stalker x3  
  189  14:39  Disruptor  
  189  14:40  Disruptor  
  189  14:41  Disruptor  
  185  14:50  Oracle  
  186  14:53  Disruptor  
  170  15:01  Stalker  
  170  15:02  Stalker x5  
  138  15:22  Stalker  
  138  15:23  Stalker x2  
  142  15:31  Stalker  
  142  15:32  Stalker x5  
  154  15:48  Disruptor x3  
  158  15:52  Disruptor  
  158  15:56  Zealot x2  
  162  16:00  Nexus  
  162  16:02  Pylon  
  162  16:03  Pylon  
  160  16:08  Stalker  
  160  16:09  Stalker x5  
  172  16:14  Pylon  
  171  16:20  Templar Archives  
  110  16:47  Stalker x4  
  110  16:48  Stalker x4  
  114  16:56  Stalker, Disruptor (Chrono Boost)  
  102  17:16  Dark Templar x3, Disruptor (Chrono Boost)  
  102  17:20  Zealot x3  
  102  17:21  Zealot x3  
  124  17:41  Dark Templar  
  124  17:43  Disruptor  
  126  17:47  Stalker x2  
  126  17:48  Stalker x2  
  134  17:57  Disruptor x2  
  134  17:59  Stalker x4  
  134  18:05  Disruptor  
  142  18:24  Nexus  
  142  18:26  Pylon  
  144  18:32  Disruptor x2  
  136  18:37  Dark Templar x2  
  125  18:43  Disruptor, Zealot x4  
  125  18:44  Zealot  
  131  18:55  Dark Templar  
  118  19:08  Probe, Warp Prism  
  95  19:28  Stalker x3  
  95  19:31  Disruptor  
  105  19:45  Probe x2  
  104  19:52  Disruptor  
  103  20:07  Dark Templar  
  96  20:42  Probe x2, Zealot  
  96  20:43  Zealot  
Show
View Real Time Build Order
Export as new Build Order

JonSnow Zerg 

Build Orders: 3 Hatch before Pool 

Get SALT Encoding   

  12  0:00  Drone  
  13  0:08  Drone  
  14  0:19  Overlord  
  14  0:25  Drone, Extractor  
  15  0:37  Drone x2  
  17  0:44  Drone  
  18  0:55  Hatchery  
  17  0:59  Drone  
  18  1:07  Drone  
  19  1:16  Drone  
  20  1:25  Hatchery  
  20  1:29  Drone  
  20  1:39  Spawning Pool  
  19  1:41  Drone  
  19  1:44  Extractor  
  19  1:48  Drone  
  20  2:00  Overlord  
  20  2:12  Drone x2  
  22  2:21  Drone x2  
  24  2:26  Queen  
  26  2:37  Queen  
  26  2:39  Zergling x2  
  29  2:45  Drone, Roach Warren  
  29  2:46  Drone  
  29  2:50  Drone  
  31  2:51  Drone  
  31  2:54  Drone  
  33  2:59  Overlord  
  33  3:02  Drone  
  34  3:06  Queen  
  35  3:20  Drone x2  
  35  3:23  Drone x3  
  40  3:29  Roach x3  
  48  3:34  Roach  
  48  3:37  Queen  
  48  3:40  Overlord  
  48  3:41  Overlord  
  50  3:42  Extractor  
  50  3:48  Overlord  
  49  3:54  Ravager  
  49  3:55  Overlord  
  50  3:59  Roach  
  50  4:00  Roach x4  
  60  4:04  Drone x4  
  60  4:05  Extractor  
  63  4:12  Overlord  
  63  4:17  Overlord  
  63  4:18  Drone x4  
  63  4:22  Ravager  
  63  4:23  Extractor  
  67  4:24  Drone, Overlord  
  67  4:27  Drone x2  
  70  4:33  Ravager  
  70  4:37  Overlord  
  71  4:40  Drone x5  
  71  4:41  Extractor x2  
  74  4:47  Lair  
  74  4:55  Roach x3  
  80  5:12  Overlord  
  80  5:14  Drone x5  
  81  5:16  Drone x3  
  80  5:32  Roach  
  80  5:33  Roach x10  
  89  5:36  Roach x2  
  91  5:44  Evolution Chamber  
  91  5:45  Ravager x2  
  91  5:49  Overlord  
  92  5:50  Hydralisk Den, Glial Reconstitution  
  92  5:52  Drone x2  
  92  5:55  Roach x3  
  99  6:00  Queen  
  99  6:03  Roach x2  
  105  6:08  Ravager  
  105  6:09  Ravager  
  107  6:11  Overlord  
  107  6:13  Drone  
  107  6:14  Zerg Missile Weapons Level 1  
  108  6:20  Hydralisk, Roach x2  
  108  6:22  Zergling x4  
  108  6:23  Zergling x4  
  118  6:35  Overseer  
  118  6:39  Muscular Augments  
  118  6:43  Hydralisk x3  
  118  6:45  Overlord  
  108  6:56  Ravager x2  
  110  7:03  Hydralisk x2  
  114  7:20  Hydralisk  
  114  7:21  Hydralisk x3  
  122  7:24  Overlord x2  
  122  7:25  Queen  
  122  7:29  Roach  
  134  7:30  Roach x5  
  134  7:35  Queen  
  138  7:42  Hatchery, Roach x3  
  143  7:44  Overlord x2  
  143  7:53  Roach x4  
  135  8:02  Roach  
  135  8:03  Roach x3  
  142  8:12  Roach x4  
  146  8:13  Roach  
  146  8:21  Ravager x2  
  146  8:22  Ravager x4  
  146  8:26  Drone x7  
  148  8:44  Hydralisk x4  
  156  8:59  Roach x3  
  156  9:00  Roach x6  
  150  9:14  Hydralisk  
  150  9:15  Hydralisk x5  
  136  9:25  Roach x3  
  136  9:26  Roach x2  
  136  9:29  Zerg Missile Weapons Level 2  
  146  9:33  Ravager  
  146  9:35  Ravager  
  146  9:38  Drone x5  
  153  9:41  Extractor  
  153  9:42  Extractor  
  151  9:47  Roach x3  
  151  9:51  Ravager x2  
  159  9:55  Drone x3  
  160  10:08  Roach  
  160  10:09  Roach x7  
  149  10:19  Roach x4  
  147  10:24  Hydralisk x3  
  147  10:25  Hydralisk  
  147  10:28  Ravager x2  
  157  10:30  Roach  
  159  10:37  Roach x5  
  169  10:47  Roach x3  
  175  10:55  Overlord x3  
  175  11:00  Infestation Pit  
  174  11:07  Overseer  
  174  11:24  Hatchery, Ravager x2  
  175  11:27  Roach x12  
  196  11:38  Ravager  
  197  11:40  Extractor  
  197  11:45  Hive  
  183  12:07  Ravager x3  
  183  12:08  Ravager  
  187  12:09  Extractor  
  187  12:10  Roach x7  
  189  12:52  Drone  
  189  12:56  Viper x2  
  189  12:57  Viper  
  199  13:04  Ultralisk Cavern  
  198  13:06  Evolution Chamber  
  195  13:15  Overlord x2  
  193  13:27  Roach x3  
  196  13:43  Roach x2  
  196  13:44  Metabolic Boost  
  196  13:46  Zerg Ground Armor Level 1  
  200  13:58  Hatchery, Chitinous Plating  
  200  14:01  Drone  
  200  14:02  Evolution Chamber  
  199  14:21  Roach x10  
  199  14:23  Ravager x3  
  199  14:24  Ravager x5, Extractor  
  196  14:25  Hydralisk  
  199  14:33  Overseer  
  188  14:57  Roach  
  188  14:58  Roach x14  
  165  15:07  Zerg Missile Weapons Level 3  
  165  15:09  Hydralisk x2  
  165  15:10  Hydralisk x3  
  165  15:21  Ultralisk x4  
  141  15:29  Zergling x6  
  141  15:30  Hydralisk  
  141  15:31  Hydralisk x3  
  152  15:39  Queen  
  152  15:41  Roach x2  
  152  15:42  Ravager  
  159  15:51  Roach x5  
  159  15:55  Hydralisk  
  168  16:05  Hydralisk x2  
  168  16:06  Zergling x16  
  168  16:10  Extractor  
  179  16:11  Extractor  
  151  16:26  Ultralisk, Zergling x2  
  151  16:27  Zergling x16  
  157  16:35  Roach x4  
  159  16:42  Hydralisk  
  147  16:51  Zergling x2, Extractor  
  147  16:52  Zergling x8  
  137  16:55  Roach  
  135  17:04  Roach x4  
  143  17:09  Queen  
  143  17:11  Roach x3  
  143  17:12  Roach x2  
  143  17:14  Ravager  
  156  17:27  Drone x4  
  160  17:33  Ultralisk, Zergling x8  
  160  17:35  Drone  
  166  17:42  Overseer x3  
  166  17:43  Hatchery  
  161  17:54  Roach x3  
  161  17:57  Spore Crawler  
  166  18:02  Spine Crawler  
  157  18:26  Roach x7  
  161  18:30  Overseer  
  122  18:44  Zergling x8  
  96  19:41  Ultralisk  
  96  19:44  Ravager x3  
  96  19:45  Ravager x3  
  102  20:05  Roach  
  102  20:06  Roach x2  
  108  20:18  Ravager  
  107  20:24  Zergling x4  
  107  20:25  Zergling x2  
  110  20:31  Roach  

Tags
 
Add a new tag
Caveats
  • Supply blocks, unpowered buildings, or Contaminate may cause inaccurate times.
  • Supply counts are checked every 10 seconds.